Map: 瓦尼研究站 (虚空)

Players

Cham - Winner!

  • Race: Zerg Zerg
  • Spawn Location: 6:00

Jim

  • Race: Protoss Protoss
  • Spawn Location: 12:00

Event: WESG 2016 Finals

VOD

Have the link to the VOD?

Description

Time

  • Played on: Jan. 13, 2017, 3:48 a.m.
  • Length: 9:38

All games in this series

Show
View Real Time Build Order
Export as new Build Order

Cham Zerg - Winner!

Build Orders: Hatch First, Muta Ling Bane 

Get SALT Encoding   

  12  0:00  Drone  
  13  0:08  Drone  
  14  0:17  Overlord  
  14  0:36  Drone x3  
  17  0:53  Hatchery  
  17  0:56  Drone  
  17  0:59  Drone  
  18  1:10  Extractor  
  17  1:14  Spawning Pool  
  17  1:17  Drone  
  17  1:20  Drone  
  18  1:31  Drone  
  19  1:45  Hatchery  
  18  1:47  Drone  
  19  1:55  Drone  
  20  2:02  Queen  
  20  2:08  Drone  
  23  2:09  Drone  
  23  2:15  Overlord  
  24  2:20  Drone  
  25  2:24  Drone  
  25  2:29  Zergling x2  
  27  2:33  Queen  
  27  2:34  Zergling x2  
  30  2:37  Zergling x2  
  31  2:44  Queen  
  31  2:46  Zergling x2  
  31  2:49  Drone  
  35  2:55  Drone  
  35  2:58  Overlord  
  36  2:59  Drone  
  37  3:07  Drone  
  37  3:08  Drone  
  37  3:09  Drone  
  37  3:10  Drone x2  
  37  3:12  Overlord  
  42  3:25  Overlord  
  42  3:26  Roach Warren  
  41  3:27  Zergling x2  
  41  3:28  Overlord  
  41  3:31  Drone x2  
  44  3:34  Drone  
  44  3:40  Drone  
  46  3:41  Drone  
  46  3:43  Drone  
  46  3:46  Drone  
  46  3:47  Drone  
  46  3:48  Drone  
  51  3:55  Drone x2  
  53  3:57  Drone x3  
  53  4:01  Overlord  
  53  4:02  Drone  
  57  4:09  Drone  
  58  4:10  Lair  
  58  4:11  Drone  
  58  4:13  Drone, Spore Crawler x2  
  58  4:15  Spore Crawler  
  58  4:17  Drone  
  58  4:18  Roach  
  58  4:22  Roach  
  58  4:23  Roach  
  64  4:25  Roach  
  64  4:27  Roach  
  64  4:28  Roach  
  70  4:32  Roach  
  70  4:36  Overlord  
  72  4:39  Extractor  
  72  4:40  Roach  
  72  4:41  Drone  
  72  4:42  Drone, Extractor  
  72  4:43  Overlord  
  74  4:50  Overlord  
  74  4:54  Drone x2  
  74  4:55  Overlord  
  74  4:56  Zergling x4  
  74  4:58  Drone x4  
  82  5:00  Overlord  
  82  5:01  Drone  
  82  5:02  Drone  
  82  5:06  Overlord  
  84  5:10  Overlord  
  84  5:11  Drone x3  
  87  5:19  Overlord  
  87  5:23  Drone  
  87  5:26  Overlord  
  87  5:27  Overlord, Extractor  
  87  5:29  Drone  
  87  5:30  Drone x2, Spire  
  87  5:34  Roach  
  87  5:35  Roach x2  
  95  5:37  Overlord  
  95  5:45  Drone  
  95  5:47  Drone, Evolution Chamber  
  95  5:48  Drone x3  
  95  5:49  Drone x2  
  101  5:51  Extractor x2  
  101  5:52  Overlord  
  99  6:00  Overlord  
  99  6:01  Drone x2  
  99  6:02  Overlord  
  101  6:04  Roach  
  101  6:08  Roach  
  105  6:13  Drone x2  
  105  6:20  Drone x2  
  105  6:21  Overlord  
  105  6:24  Drone x2  
  109  6:26  Baneling Nest  
  109  6:28  Overlord  
  109  6:32  Roach  
  110  6:34  Hatchery  
  110  6:37  Roach  
  110  6:39  Overlord  
  111  6:41  Mutalisk x3  
  111  6:43  Overlord  
  111  6:45  Mutalisk  
  119  6:47  Mutalisk x3  
  119  6:51  Mutalisk  
  119  6:53  Overlord  
  127  6:54  Zergling x4  
  127  6:56  Metabolic Boost  
  127  6:59  Overlord  
  129  7:02  Overlord  
  129  7:05  Zerg Melee Weapons Level 1  
  129  7:08  Overlord  
  129  7:13  Glial Reconstitution  
  129  7:15  Overlord  
  129  7:17  Zergling x8  
  129  7:19  Zergling x4  
  129  7:20  Overseer  
  129  7:21  Overlord  
  135  7:26  Zergling x10  
  140  7:30  Centrifical Hooks  
  140  7:36  Zergling x4  
  142  7:38  Zergling x6  
  142  7:41  Zergling x6  
  142  7:42  Zergling x2  
  142  7:43  Ravager x4  
  153  7:46  Zergling x4  
  153  7:50  Zergling x4  
  157  7:54  Zergling x2  
  158  8:01  Zergling x2  
  158  8:02  Zergling x4  
  158  8:04  Ravager x3  
  164  8:08  Zergling x6  
  164  8:09  Zergling x2  
  164  8:10  Queen  
  166  8:13  Queen  
  166  8:14  Overlord x2  
  166  8:15  Zergling x4  
  166  8:16  Hatchery  
  166  8:18  Mutalisk x2  
  173  8:22  Zergling x4  
  175  8:27  Baneling x7  
  175  8:28  Baneling x6  
  175  8:29  Zergling x4  
  175  8:30  Zergling x2  
  175  8:31  Zergling x2  
  179  8:38  Zergling x4  
  181  8:42  Zergling x4  
  181  8:46  Zergling x2  
  181  8:47  Baneling x3  
  182  8:50  Baneling  
  182  8:51  Baneling x9, Zergling x4  
  182  8:52  Zergling x6  
  182  8:53  Zergling x4  
  189  8:58  Queen  
  167  9:11  Zergling x4  
  167  9:12  Zergling x2  
  167  9:15  Zergling x2  
  167  9:16  Zergling x16  
Show
View Real Time Build Order
Export as new Build Order

Jim Protoss 

Build Orders: 1 Gate Expand, Zealot Archon, Dark Templar Rush 

Get SALT Encoding   

  12  0:01  Probe (Chrono Boost)  
  13  0:11  Probe (Chrono Boost)  
  14  0:19  Pylon  
  14  0:22  Probe (Chrono Boost)  
  15  0:37  Probe (Chrono Boost)  
  15  0:38  Gateway  
  16  0:44  Assimilator  
  16  0:48  Probe (Chrono Boost)  
  17  0:58  Probe (Chrono Boost)  
  18  1:09  Probe (Chrono Boost)  
  19  1:20  Probe (Chrono Boost)  
  19  1:24  Nexus  
  21  1:36  Cybernetics Core  
  20  1:41  Zealot  
  22  1:49  Probe (Chrono Boost)  
  22  1:52  Assimilator  
  23  2:13  Warp Gate, Pylon  
  23  2:27  Stalker  
  23  2:33  Probe (Chrono Boost)  
  23  2:35  Twilight Council  
  23  2:36  Probe (Chrono Boost)  
  28  2:45  Probe (Chrono Boost)  
  28  2:46  Probe (Chrono Boost)  
  29  2:57  Probe x2 (Chrono Boost)  
  31  3:00  Robotics Facility  
  31  3:08  Probe (Chrono Boost)  
  31  3:09  Probe (Chrono Boost)  
  33  3:18  Probe (Chrono Boost)  
  33  3:19  Dark Shrine  
  35  3:20  Probe (Chrono Boost)  
  35  3:29  Probe (Chrono Boost)  
  35  3:31  Probe (Chrono Boost)  
  35  3:33  Gateway  
  37  3:35  Gateway  
  37  3:41  Gateway  
  37  3:43  Probe (Chrono Boost)  
  37  3:46  Warp Prism  
  42  3:55  Probe x2 (Chrono Boost)  
  42  4:00  Assimilator  
  42  4:02  Pylon  
  42  4:06  Probe (Chrono Boost)  
  42  4:08  Probe (Chrono Boost)  
  44  4:11  Pylon  
  45  4:17  Probe (Chrono Boost)  
  45  4:20  Probe (Chrono Boost)  
  45  4:21  Observer  
  47  4:27  Probe (Chrono Boost)  
  49  4:32  Probe (Chrono Boost)  
  49  4:38  Probe (Chrono Boost)  
  50  4:49  Dark Templar x3  
  50  4:51  Dark Templar  
  58  4:53  Nexus  
  58  4:58  Probe (Chrono Boost)  
  58  4:59  Probe (Chrono Boost)  
  60  5:00  Pylon  
  60  5:08  Probe (Chrono Boost)  
  60  5:11  Probe (Chrono Boost)  
  60  5:12  Assimilator  
  62  5:18  Immortal  
  62  5:19  Forge  
  63  5:21  Probe (Chrono Boost)  
  63  5:24  Archon x2  
  63  5:27  Pylon  
  63  5:28  Probe (Chrono Boost)  
  68  5:32  Mothership Core (Chrono Boost)  
  70  5:47  Probe (Chrono Boost)  
  71  5:50  Protoss Ground Weapons Level 1, Probe (Chrono Boost)  
  71  5:53  Immortal  
  72  5:59  Probe (Chrono Boost)  
  72  6:01  Probe (Chrono Boost)  
  72  6:03  Gateway  
  78  6:05  Probe (Chrono Boost), Gateway  
  78  6:06  Sentry  
  78  6:07  Zealot, Sentry  
  78  6:08  Zealot  
  88  6:11  Probe (Chrono Boost)  
  88  6:12  Probe (Chrono Boost)  
  89  6:19  Probe (Chrono Boost)  
  89  6:23  Probe (Chrono Boost)  
  89  6:24  Probe (Chrono Boost)  
  92  6:25  Charge  
  92  6:29  Probe (Chrono Boost)  
  93  6:35  Pylon  
  93  6:36  Pylon  
  93  6:38  Gateway  
  93  6:41  Gateway  
  93  6:45  Pylon  
  93  6:48  Immortal  
  93  6:54  Probe (Chrono Boost), Stargate  
  100  6:55  Probe x2 (Chrono Boost)  
  100  6:57  Zealot, Sentry  
  100  6:58  Zealot, Assimilator  
  106  7:06  Pylon  
  106  7:17  Stargate  
  106  7:24  Photon Cannon  
  106  7:26  Probe (Chrono Boost)  
  106  7:27  Probe (Chrono Boost)  
  106  7:29  Stalker x4, Photon Cannon  
  116  7:30  Stalker  
  116  7:32  Pylon  
  118  7:37  Probe (Chrono Boost)  
  118  7:39  Probe (Chrono Boost)  
  119  7:45  Photon Cannon  
  119  7:47  Probe (Chrono Boost), Assimilator  
  118  7:58  Immortal, Phoenix x2  
  122  8:10  Probe (Chrono Boost)  
  122  8:11  Probe x2 (Chrono Boost)  
  124  8:19  Zealot x4  
  132  8:25  Pylon  
  132  8:26  Pylon  
  132  8:29  Pylon  
  127  8:41  Stalker x2  
  127  8:42  Stalker  
  127  8:45  Probe (Chrono Boost)  
  127  8:46  Probe x2 (Chrono Boost)  
  132  8:57  Dark Templar x2  
  132  8:58  Dark Templar x2, Probe x3 (Chrono Boost)  
  132  9:02  Archon x2  
  114  9:23  Zealot x4  
Tags
 
Add a new tag
Caveats
  • Supply blocks, unpowered buildings, or Contaminate may cause inaccurate times.
  • Supply counts are checked every 10 seconds.